 Dungeon Crawl Stone Soup version 0.16.1-2-g95b8d4c (webtiles) character file.

163 Kaine the Scratcher (level 5, 0/22 HPs)
             Began as a Felid Transmuter on Mar 25, 2015.
             Slain by an iguana (8 damage)
             ... on level 5 of the Dungeon.
             The game lasted 00:16:18 (6090 turns).

Kaine the Scratcher (Felid Transmuter)              Turns: 6090, Time: 00:16:18

Health: 0/22       AC:  2    Str:  7    XL:     5   Next: 20%
Magic:  11/14      EV: 22    Int: 16    God:
Gold:   10         SH:  0    Dex: 21    Spells: 3 memorised, 4 levels left
                                        Lives:  0   Deaths: 1

rFire  . . .     SeeInvis +       - Unarmed
rCold  . . .     Clarity  .     (armour unavailable)
rNeg   + . .     SustAb   .     (shield unavailable)
rPois  x         Gourm    .     (helmet unavailable)
rElec  .         Spirit   .     (cloak unavailable)
rCorr  .         Warding  .     (gloves unavailable)
rMut   .         Stasis   .     (boots unavailable)
MR     .....                    (no amulet)
Stlth  ++++......               q - ring of stealth
                                m - ring of positive energy

@: spider-form (expiring), not resistant to hostile enchantments, stealthy
A: paw claws, no armour, no weapons or thrown items, (fangs 0), see invisible,
carnivore 3, (speed 0), (shaggy fur 0), slow metabolism 1, (sharp paws)
a: End Transformation


You were on level 5 of the Dungeon.
You were not hungry.
You were a venomous arachnid creature.
You visited 1 branch of the dungeon, and saw 5 of its levels.

You collected 178 gold pieces.
You spent 168 gold pieces at shops.

Inventory:

Missiles
 b - 24 arrows
Jewellery
 m - a ring of positive energy (left front leg)
 q - a ring of stealth (right front leg)
Magical devices
 p - a wand of frost (28)
Scrolls
 c - 2 scrolls of enchant armour {unknown}
 e - 2 scrolls of fear
 f - a scroll of random uselessness {unknown}
 g - 6 scrolls of identify
 n - 4 scrolls of fog {unknown}
 o - a scroll of amnesia {unknown}
 r - 2 scrolls of blinking
Potions
 h - a potion of magic {unknown}
Books
 d - a book of Changes

   Spells                             Type                      Level
   a - Beastly Appendage              Transmutation                1
   b - Sticks to Snakes               Transmutation                2
   c - Spider Form                    Transmutation/Poison         3
   d - Ice Form                       Ice/Transmutation            4
   e - Blade Hands                    Transmutation                5
Comestibles
 a - 2 meat rations
 i - 2 slices of pizza
 l - a beef jerky


   Skills:
 + Level 1.9 Fighting
 + Level 3.4 Dodging
 * Level 3.4 Stealth
 * Level 4.2 Unarmed Combat
 + Level 3.1 Spellcasting
 * Level 4.0 Transmutations


You had 4 spell levels left.
You knew the following spells:

 Your Spells              Type           Power        Failure   Level  Hunger
a - Beastly Appendage     Trmt           ###...       14%         1    None
b - Sticks to Snakes      Trmt           ###.......   21%         2    ##.....
c - Spider Form           Trmt/Pois      #.........   50%         3    ###....


Dungeon Overview and Level Annotations

Branches:
Dungeon (5/15)
 Temple: D:4-7

Altars:
Xom

Shops:
D:5 ?

Annotations:
D:2 Sigmund, Terence
D:4 Menkaure


Innate Abilities, Weirdness & Mutations

You cannot wear armour.
You are incapable of wielding weapons or throwing items.
((You have razor-sharp teeth.))
You have supernaturally acute eyesight.
You are carnivorous and can eat meat at any time.
((You cover ground quickly.))
((You are covered in thick fur (AC +2).))
You have a slow metabolism.
((Your paws have sharp claws that are effective at stabbing.))


Message History

Level annotation: Menkaure
There is a stone staircase leading down here.
You climb downwards.
The iguana hisses angrily.
There is a stone staircase leading up here.
The iguana hisses menacingly.
The iguana is too close now for your liking.
An iguana is nearby!
Casting: Beastly Appendage
Confirm with . or Enter, or press ? or * to list all spells.
You turn into a venomous arachnid creature.
You hit the iguana.
The iguana is poisoned.
The iguana is lightly wounded.
The iguana bites you!
Ouch! That really hurt!
You hit the iguana but do no damage.
The iguana looks even sicker.
The iguana is moderately wounded.
Your transformation is almost over.
The iguana bites you!
You die...

....# #..##..#
#...####...#..##
#....#........#
#............# .
##...........#
..#####..........##
#.......<.####...#
##.......## #...#
###...s$# #..##
###l..# ##.# #....#
##.## ......# #...#
......## ###.#.#
######## #..∩..#
#.#.### #.#...#
###.....#


You could see an iguana.

Vanquished Creatures
  A scorpion (D:4)
  4 worker ants (D:4)
  A hound skeleton (D:4)
  4 adders
  A giant mite (D:3)
  3 worms
  5 giant geckos
  2 oozes
  4 orcs
  3 ball pythons
  12 bats
  6 goblins
  6 hobgoblins
  12 jackals
  8 giant cockroaches
  A giant gecko zombie (D:5)
  4 giant newts
  9 kobolds
  A quokka skeleton (D:4)
  8 rats
95 creatures vanquished.

Vanquished Creatures (collateral kills)
  A goblin (D:2)
1 creature vanquished.

Grand Total: 96 creatures vanquished

Notes
Turn   | Place    | Note
--------------------------------------------------------------
     0 | D:1      | Kaine, the Felid Transmuter, began the quest for the Orb.
     0 | D:1      | Reached XP level 1. HP: 9/9 MP: 4/4
   486 | D:1      | Reached XP level 2. HP: 12/12 MP: 5/5
   502 | D:1      | Learned a level 2 spell: Sticks to Snakes
  1349 | D:2      | Reached skill level 1 in Stealth
  1742 | D:2      | Noticed Terence
  1792 | D:2      | Reached XP level 3. HP: 15/15 MP: 6/8
  2594 | D:2      | Noticed Sigmund
  3009 | D:2      | Reached XP level 4. HP: 19/19 MP: 0/11
  3305 | D:2      | Learned a level 3 spell: Spider Form
  3854 | D:3      | Found a shimmering altar of Xom.
  4663 | D:4      | Reached XP level 5. HP: 22/22 MP: 10/12
  4738 | D:4      | HP: 1/22 [poisoned by a worker ant]
  5251 | D:4      | Noticed Menkaure
  5444 | D:4      | Noticed an orc warrior
  5550 | D:4      | Reached skill level 4 in Unarmed Combat
  5581 | D:4      | Gained mutation: You are covered in thick fur (AC +2). [growing up]
  5581 | D:4      | Reached XP level 6. HP: 22/26 MP: 17/17
  5883 | D:4      | HP: 1/26 [poisoned by a worker ant]
  5888 | D:4      | HP: 1/26 [poisoned by a worker ant]
  5894 | D:4      | Succumbed to a worker ant's poison
  5895 | D:4      | Reached XP level 5. HP: 0/22 MP: 14/14
  6014 | D:5      | Entered Level 5 of the Dungeon
  6040 | D:5      | Found Hem Odgha's Magic Scroll Shoppe.
  6043 | D:5      | Bought a scroll of blinking for 97 gold pieces
  6043 | D:5      | Bought a scroll of fear for 45 gold pieces
  6043 | D:5      | Bought a scroll of identify for 26 gold pieces
  6090 | D:5      | Slain by an iguana

Action                   |  1- 3 |  4- 6 || total
-------------------------+-------+-------++-------
Melee: Unarmed           |   139 |   167 ||   306
 Cast: Beastly Appendage |    31 |    28 ||    59
       Sticks to Snakes  |     3 |     6 ||     9
       Spider Form       |       |     3 ||     3
  Use: Potion            |       |     6 ||     6
 Stab: Sleeping          |     4 |     5 ||     9
  Eat: Chunk             |    12 |     7 ||    19
